 Dungeon Crawl Stone Soup version 0.31.0-10-gcf4a605ca0 (webtiles) character file.

Game seed: 18246466437092187650

146 DeltaZero the Trooper (level 5, -2/47 HPs)
             Began as a Hill Orc Fighter on Jan 25, 2024.
             Succumbed to their own poison gas
             ... on level 3 of the Dungeon.
             The game lasted 00:09:27 (2475 turns).

DeltaZero the Trooper (Hill Orc Fighter)            Turns: 2475, Time: 00:09:28

Health: -2/47      AC: 10    Str: 21    XL:     5   Next: 28%
Magic:  5/5        EV:  8    Int:  8    God:
Gold:   58         SH:  4    Dex: 10    Spells: 4/4 levels left

rFire   + . .        a - +0 war axe (drain)
rCold   + + .        c - +0 buckler
rNeg    . . .        n - +0 chain mail
rPois   .            (no helmet)
rElec   .            g - scarf {rC+ rF+}
rCorr   .            (no gloves)
SInv    .            o - +0 pair of boots
Will    .....        (no amulet) Stlth
                     j - ring of protection from cold
HPRegen 0.27/turn    (no ring)
MPRegen 0.09/turn

%: no passive effects
@: lethally poisoned (-2 -> -52)
A: no striking features
a: no special abilities


You were on level 3 of the Dungeon.
You visited 1 branch of the dungeon, and saw 3 of its levels.

You collected 103 gold pieces.
You spent 45 gold pieces at shops.

Inventory:

Hand Weapons
 a - a +0 war axe of draining (weapon)
Armour
 b - a +0 scale mail
 c - a +0 buckler (worn)
 f - a +1 ring mail of cold resistance
 g - a scarf of resistance (worn)
 n - a +0 chain mail (worn)
 o - a +0 pair of boots (worn)
 s - a scarf of shadows
Jewellery
 j - a ring of protection from cold (left hand)
 m - an amulet of the acrobat
 p - a ring of resist corrosion
Wands
 r - a wand of iceblast (11)
Potions
 d - a potion of might
 k - a potion of curing {unknown}
 l - a potion of enlightenment {unknown}
 q - 2 potions of attraction
 u - a potion of berserk rage {unknown}
 v - 2 potions of heal wounds {unknown}


   Skills:
 + Level 4.6 Fighting
 + Level 4.4 Axes
 + Level 4.2 Armour
 + Level 0.4 Dodging
 + Level 4.0 Shields


You had 4 spell levels left.
You didn't know any spells.
Your spell library was empty.

Dungeon Overview and Level Annotations

Branches:
Dungeon (3/15)

Altars:

Shops:
D:2 [

Annotations:
D:3 2 transporters, Jokingforfun's ghost, amateur DsNe


Message History

The quasit gives a chilling moan.
Found an escape hatch in the floor.
You see here a +0 ring mail.
You see here a +0 dagger.
There is a stone staircase leading up here.
w - a scroll labelled BENICR WEGH Partly explored, unvisited transporter.
As you read the scroll labelled FUMOUSS CUAR, it crumbles to dust.
It is a scroll of amnesia.
You feel forgetful for a moment.
As you read the scroll labelled MEUDISHR KICW, it crumbles to dust.
The air around you briefly surges with heat, but it dissipates.
It was a scroll of immolation.
As you read the scroll labelled QIZEWNO WI SURUCH, it crumbles to dust.
It is a scroll of identify.
q - 2 potions of attraction The air fills with toxic fumes!
As you read the scroll labelled WOUXZO FIV ZUA, it crumbles to dust.
It was a scroll of poison.
Okay, then.
Unknown command.
As you read the scroll labelled BENICR WEGH, it crumbles to dust.
It is a scroll of brand weapon.
Your +0 war axe craves living souls!
a - a +0 war axe of draining (weapon)
You are engulfed in poison gas.
You are poisoned.
You feel sick.
You are engulfed in poison gas.
You are more poisoned.
You feel very sick.
You are engulfed in poison gas.
You are more poisoned.
You feel very sick.
You are engulfed in poison gas.
You are more poisoned.
* * * LOW HITPOINT WARNING * * *
You feel extremely sick.
You are engulfed in poison gas.
You are more poisoned.
* * * LOW HITPOINT WARNING * * *
You die...

#########
###################........
#..........................
#####
#.#################.#######
#...# #.#.......§# #.# #
#...###.#.######☼# #.# #
......#.#.# #§# #.# #
........#.# #§# #.# #
......###.# #@# #.# #
#...### #.# #☼# #.# # #...#
#.# #§# #.# # ##.######.###
#§# ######.#######
......†.....# #.#
#...........##
#..########.# #.#
#.#######.#.# .)†# #.# #.#
#.# #.#.## ##)# #.# #.# #.#
#..... ##.# ##.## #.# #.#
###.##


There were no monsters in sight!

Vanquished Creatures
  A howler monkey (D:2)
  An iguana (D:3)
  2 adders
  2 dart slugs
  A ribbon worm (D:2)
  4 orcs (D:3)
  3 ball pythons (D:1)
  6 bats
  4 endoplasms (D:1)
  6 giant cockroaches
  2 goblins (D:1)
  5 hobgoblins
  2 quokkas
  5 frilled lizards
  8 kobolds
  3 rats (D:2)
55 creatures vanquished.

Notes
Turn   | Place    | Note
-------+----------+-------------------------------------------
     0 | D:1      | DeltaZero the Hill Orc Fighter began the quest for the Orb.
     0 | D:1      | Reached XP level 1. HP: 19/19 MP: 1/1
    91 | D:1      | Reached XP level 2. HP: 27/27 MP: 2/2
   319 | D:1      | Reached XP level 3. HP: 30/33 MP: 3/3
  1119 | D:2      | Found Xutoneg's Armour Emporium.
  1125 | D:2      | Bought a +0 pair of boots for 45 gold pieces
  1271 | D:2      | Reached XP level 4. HP: 30/40 MP: 4/4
  1794 | D:3      | Found a transporter.
  1798 | D:3      | Noticed Jokingforfun's ghost (amateur DsNe)
  1828 | D:3      | Reached XP level 5. HP: 45/46 MP: 5/5
  1847 | D:3      | Found a faded altar of an unknown god.
  1878 | D:3      | Found a transporter.
  2475 | D:3      | Succumbed to their own poison gas

Illustrated notes

Levels and vault maps discovered:
D:1:      spicycebolla_arrival_risky_transporter, layout_basic,
          amcnicky_mini_rare_corridor_liquid, moated_statue,
          corexii_leaking_fountain
D:2:      layout_loops_corners, serial_shops, shop
D:3:      layout_loops_ring, gammafunk_ghost_stat_death,
          hellmonk_ecumenical_altar_pennies_from_heaven

Skill      XL: |  1  2  3  4 |
---------------+-------------+-----
Axes           | 3 4 |  4.4
Fighting       | 4 |  4.6
Armour         | 4 |  4.2
Shields        | 4 |  4.0
Dodging        | |  0.4

Action                     |  1- 3 |  4- 6 || total
---------------------------+-------+-------++-------
  Melee: War axe           |   112 |    40 ||   152
    Use: Scroll            |       |     5 ||     5
 Armour: Scale mail        |     6 |       ||     6
         Ring mail         |    62 |       ||    62
         Chain mail        |    22 |    37 ||    59
         Skin              |     4 |       ||     4
  Dodge: Dodged            |    60 |    13 ||    73
  Block: Buckler           |    33 |     7 ||    40
